 Dungeon Crawl Stone Soup version 0.28-a0-425-gd0eccab798 (webtiles) character file.

Game seed: 2710662659020867191

526 rogsnak the Magician (level 7, -2/48 HPs)
             Began as a Demonspawn Hedge Wizard on Sept 9, 2021.
             Slain by Pikel (3 damage)
             ... on level 4 of the Dungeon.
             The game lasted 00:18:03 (7678 turns).

rogsnak the Magician (Demonspawn Hedge Wizard)      Turns: 7678, Time: 00:18:03

Health: -2/48      AC: 10    Str: 10    XL:     7   Next: 2%
Magic:  4/14       EV: 12    Int: 17    God:
Gold:   252        SH:  0    Dex: 13    Spells: 5/15 levels left

rFire   . . .      SeeInvis .   m - +0 great sword
rCold   . . .      Faith    .   (shield currently unavailable)
rNeg    . . .      Spirit   .   b - +0 robe
rPois   .          Reflect  .   o - +1 helmet
rElec   .          Harm     .   z - +2 cloak
rCorr   .          Rampage  .   (no gloves)
Will    ++...                   l - +0 pair of boots
Stlth   ++........              (no amulet)
HPRegen 0.16/turn               t - ring of willpower
MPRegen 0.14/turn               u - ring of willpower

@: very slightly contaminated, studying Fighting
A: hooves 2, thin metallic scales 1, demonic magic 2
a: no special abilities


You were on level 4 of the Dungeon.
You visited 2 branches of the dungeon, and saw 6 of its levels.
You also visited: Sewer.

You collected 252 gold pieces.

Inventory:

Hand Weapons
 a - a +0 dagger
 f - a +0 short sword
 m - a +0 great sword (weapon)
 B - a +3 shortbow
Missiles
 e - 75 stones
 h - 26 poisoned darts
 C - 22 arrows
 E - 4 silver javelins
Armour
 b - a +0 robe (worn)
 c - a +0 hat
 l - a +0 pair of boots (worn)
 o - a +1 helmet (worn)
 z - a +2 cloak (worn)
Jewellery
 t - a ring of willpower (left hand)
 u - a ring of willpower (right hand)
Wands
 q - a wand of flame (24)
Scrolls
 d - 3 scrolls of identify {unknown}
 i - a scroll of immolation {unknown}
 j - 3 scrolls of magic mapping {unknown}
 k - a scroll of brand weapon {unknown}
 s - a scroll of silence {unknown}
 w - 2 scrolls of teleportation {unknown}
 x - a scroll of blinking {unknown}
 y - 2 scrolls of enchant weapon {unknown}
Potions
 g - 2 potions of mutation
 n - 4 potions of curing {unknown}
 p - a potion of ambrosia {unknown}
 r - a potion of haste {unknown}
 v - 4 potions of flight
 A - a potion of attraction {unknown}
 D - a potion of might {unknown}


   Skills:
 + Level 1.5 Fighting
 + Level 2.4 Dodging
 - Level 1.7 Stealth
 + Level 4.8 Spellcasting
 * Level 4.8 Conjurations
 - Level 1.0 Summonings
 - Level 0.8 Translocations
 * Level 1.6 Fire Magic
 + Level 0.4 Air Magic
 + Level 0.8 Poison Magic


You had 5 spell levels left.
You knew the following spells:

 Your Spells              Type           Power      Damage    Failure   Level
a - Magic Dart            Conj           80%        1d7       1%          1
b - Sticky Flame          Conj/Fire      15%        2d4       36%         4
c - Mephitic Cloud        Conj/Pois/Air  11%        N/A       19%         3
d - Blink                 Tloc           N/A        N/A       16%         2

Your spell library contained the following spells:

 Spells                   Type           Power      Damage    Failure   Level
 Conjure Flame            Conj/Fire      15%        6-21      12%         3
 Call Imp                 Summ           7%         N/A       14%         2
 Slow                     Hex            4%         N/A       22%         2
 Ignite Poison            Fire/Tmut/Pois 7%         N/A       30%         3


Dungeon Overview and Level Annotations

Branches:
Dungeon (5/15)             Temple (1/1) D:4           Sewer (visited)

Altars:
Ashenzari
Cheibriados
Elyvilon
Fedhas
Kikubaaqudgha
Makhleb
Okawaru
Ru
Vehumet
Yredelemnul
Zin
Beogh

Shops:
D:1 [   D:5 [

Annotations:
D:3 Grinder
D:4 3 runed translucent doors, Pikel; zdrol's ghost, amateur MiFi


Innate Abilities, Weirdness & Mutations

You have hoof-like feet.
You are partially covered in thin metallic scales. (AC +2)
Spells you cast may paralyse nearby enemies.


Message History

Pikel is moderately wounded.
Malevolent energies surge around you. Pikel hits you but does no damage.
Casting: Magic Dart (safe; 1% risk of failure)
Confirm with . or Enter, or press ? or * to list all spells.
Aiming: Magic Dart (safe; 1% risk of failure)
Press: ? - help, Shift-Dir - straight line, f/p - Pikel
Aim: Pikel, wielding a +0 whip of freezing and wearing a +0 robe (moderately wounded, 100% to hit)
Okay, then.
Casting: Magic Dart (safe; 1% risk of failure)
Confirm with . or Enter, or press ? or * to list all spells.
Aiming: Mephitic Cloud (dangerous; 19% risk of failure)
Press: ? - help, Shift-Dir - straight line, f/p - Pikel
Aim: Pikel, wielding a +0 whip of freezing and wearing a +0 robe (moderately wounded, chance to affect: 72%) That beam is likely to hit you.
Continue anyway?
Okay, then.
Casting: Mephitic Cloud (dangerous; 19% risk of failure)
Confirm with . or Enter, or press ? or * to list all spells.
Aiming: Mephitic Cloud (dangerous; 19% risk of failure)
Press: ? - help, Shift-Dir - straight line, f/p - Pikel
Aim: Pikel, wielding a +0 whip of freezing and wearing a +0 robe (moderately wounded, chance to affect: 72%)
The ball explodes into a vile cloud!
The stinking cloud engulfs Pikel but does no damage.
Pikel is moderately wounded.
Malevolent energies surge around you.
Pikel is engulfed in noxious fumes.
Pikel appears confused.
Pikel barely misses you.
Unknown command.
Casting: Mephitic Cloud (dangerous; 19% risk of failure)
Confirm with . or Enter, or press ? or * to list all spells.
The spell is quite dangerous to cast (36% risk of failure)!
Continue anyway?
Aiming: Sticky Flame (quite dangerous; 36% risk of failure)
Press: ? - help, Shift-Dir - straight line, f/p - Pikel
Aim: Pikel, wielding a +0 whip of freezing and wearing a +0 robe (moderately wounded, confused, 100% to hit)
You miscast Sticky Flame.
You are very lightly contaminated with residual magic.
The air around you burns with energy!
* * * LOW HITPOINT WARNING * * *
Pikel hits you with a +0 whip of freezing.
* * * LOW HITPOINT WARNING * * *
Pikel freezes you.
You die...

#....##...#.............#.....#
###......#............##..###+###
#........##..........#####......#
.........#........##.....##....##
#<............)........#........#
...........####..○°...###..##...#
...........#.####☼..............#
................#K....##.##......
.........).#.#..@....##...##.....
.....#.....####....#.#.##..#.....
....##......###..................
..........)........#.#..##.#...##
###...........###....##...##.#..#
.##..............<....##.##..##..
.###........................###..
.............##..............###.
.#.##.##......................##.


You could see Pikel (confused).

Vanquished Creatures
  2 centaurs (D:4)
  3 lemures
  A scorpion (D:4)
  A centaur zombie (D:4)
  2 hounds
  2 iguanas (D:4)
  A gnoll (D:4)
  5 adders
  A shadow imp (D:4)
  An ufetubus (D:3)
  2 adder skeletons (D:4)
  8 worms
  2 dart slugs
  An orc (D:3)
  9 ball pythons
  14 endoplasms
  2 giant cockroaches
  6 goblins
  5 hobgoblins
  4 jackals (Sewer)
  2 quokkas
  8 bats
  4 frilled lizards
  4 kobolds
  A quokka skeleton (D:4)
  3 rats
94 creatures vanquished.

Notes
Turn   | Place    | Note
-------+----------+-------------------------------------------
     0 | D:1      | rogsnak the Demonspawn Hedge Wizard began the quest for the
                  | Orb.
     0 | D:1      | Reached XP level 1. HP: 13/13 MP: 4/4
   373 | D:1      | Found a faded altar of an unknown god.
   485 | D:1      | Gained mutation: You have large cloven feet. [demonic
                  | ancestry]
   485 | D:1      | Reached XP level 2. HP: 19/19 MP: 4/6
   868 | D:1      | Found Komol's Armour Emporium.
  1480 | D:2      | Gained mutation: You have hoof-like feet. [demonic
                  | ancestry]
  1480 | D:2      | Reached XP level 3. HP: 24/24 MP: 1/8
  2685 | D:2      | Found a blossoming altar of Fedhas.
  2893 | D:2      | Gained mutation: You are partially covered in thin metallic
                  | scales. (AC +2) [demonic ancestry]
  2893 | D:2      | Reached XP level 4. HP: 25/30 MP: 1/9
  2964 | D:2      | Learned a level 4 spell: Sticky Flame
  3332 | D:3      | Noticed Grinder
  3537 | D:3      | Found a glowing drain.
  3649 | Sewer    | Entered a sewer
  3752 | Sewer    | Learned a level 3 spell: Mephitic Cloud
  5041 | D:3      | Learned a level 2 spell: Blink
  5141 | D:4      | Noticed a centaur
  5141 | D:4      | Noticed a centaur
  5206 | D:3      | Gained mutation: Spells you cast may paralyse adjacent
                  | enemies. [demonic ancestry]
  5206 | D:3      | Reached XP level 5. HP: 28/35 MP: 7/11
  5577 | D:4      | Found a staircase to the Ecumenical Temple.
  5581 | Temple   | Entered the Ecumenical Temple
  5669 | D:4      | Killed a centaur
  5683 | D:3      | Reached skill level 1 in Fire Magic
  5683 | D:3      | Gained mutation: Spells you cast may paralyse nearby
                  | enemies. [demonic ancestry]
  5683 | D:3      | Reached XP level 6. HP: 24/42 MP: 7/12
  6269 | D:4      | Found a broken altar of Ashenzari.
  6398 | D:4      | Reached skill level 1 in Fighting
  6757 | D:4      | Found a runed translucent gate.
  6758 | D:4      | Found a runed translucent gate.
  6759 | D:4      | Found a runed translucent gate.
  6759 | D:4      | Identified the +8 hunting sling "Coudir" {freeze, rCorr}
  6759 | D:4      | Identified the +1 scale mail of Vaodyl {rF++ Str+3}
  6759 | D:4      | Noticed zdrol's ghost (amateur MiFi)
  6955 | D:5      | Entered Level 5 of the Dungeon
  7016 | D:5      | Found Voypuump's Armour Shop.
  7096 | D:5      | Noticed Pikel
  7205 | D:4      | Reached XP level 7. HP: 44/48 MP: 14/14
  7678 | D:4      | HP: 1/48 [Pikel (5)]
  7678 | D:4      | Slain by Pikel

Illustrated notes

Levels and vault maps discovered:
D:1:      lordsloth_arrival_two_stooges, layout_basic, serial_shops,
          nicolae_lakefront_shop, shapermc_ecumenical_altar_mp_vishouse,
          feat_on_display
D:2:      minmay_chambers_of_ones, layout_loops_corners, basic_altar,
          minmay_misc_feat_square
D:3:      layout_basic, cheibrodos_sewer_entry_bend, uniq_grinder
D:4:      layout_cave_pools, nicolae_overflow_crystal_walls,
          minmay_temple_entry_glassed_door, biasface_ghost_orc_armoury,
          minmay_manual_mares
D:5:      layout_cave_pools, serial_shops, nicolae_stop_n_shop_1, uniq_pikel
Temple:   compressed_dpeg_triangle_lava_temple

Skill      XL: |  1  2  3  4  5  6 |
---------------+-------------------+-----
Conjurations   | 2 3 4 |  4.8
Dodging        | 2 |  2.4
Spellcasting   | 4 |  4.8
Fire Magic     | 1 |  1.6
Fighting       | 1 |  1.5
Stealth        | |  1.7
Summonings     | |  1.0
Translocations | |  0.8
Air Magic      | |  0.4
Poison Magic   | |  0.8

Action                   |  1- 3 |  4- 6 |  7- 9 || total
-------------------------+-------+-------+-------++-------
Melee: Short sword       |    17 |    56 |       ||    73
       Great sword       |       |    34 |    13 ||    47
 Cast: Magic Dart        |    95 |   182 |     9 ||   286
       Mephitic Cloud    |       |     7 |     2 ||     9
       Blink             |       |       |     1 ||     1
  Use: Potion            |       |     1 |       ||     1
 Stab: Sleeping          |     1 |       |       ||     1
       Paralysed         |       |     8 |     7 ||    15
       Confused          |       |     1 |       ||     1
Armor: Robe              |     7 |    51 |    17 ||    75
Dodge: Dodged            |    19 |    88 |    16 ||   123

Table legend: (Time is in decaauts)
 A = Elapsed time spent in this place.
 B = Non-inter-level travel time spent in this place.
 C = Inter-level travel time spent in this place.
 D = Time resting spent in this place.
 E = Time spent auto-exploring this place.
 F = Levels seen in this place.
 G = Mean time per level.
                   A        B        C        D        E       F      G
               +--------+--------+--------+--------+--------+-----+--------+
         Total |   7919 |   7794 |    125 |   2565 |   3015 |   7 | 1131.3 |
       Dungeon |   6563 |   6438 |    125 |   2253 |   2545 |   5 | 1312.6 |
        Temple |     61 |     61 |      0 |      0 |      0 |   1 |   61.0 |
         Sewer |   1294 |   1294 |      0 |    312 |    469 |   1 | 1294.0 |
               +--------+--------+--------+--------+--------+-----+--------+

Top non-repeatable levels by time:
     D:2: 2211 daAuts
     D:4: 1850 daAuts
     D:3: 1402 daAuts
   Sewer: 1294 daAuts
     D:1: 960 daAuts
     D:5: 136 daAuts
  Temple: 61 daAuts
